 Dungeon Crawl Stone Soup version 0.24-a0-415-g6d73c25 (webtiles) character file.

Game seed: 8912390376172699767

2 r3xj the Caller (level 1, -2/10 HPs)
             Began as a Deep Elf Summoner on June 7, 2019.
             Slain by a hobgoblin
             ... wielding a +0 club
              (7 damage)
             ... on level 1 of the Dungeon.
             The game lasted 00:01:06 (532 turns).

r3xj the Caller (Deep Elf Summoner)                  Turns: 532, Time: 00:01:06

Health: -2/10      AC:  2    Str:  5    XL:     1   Next: 33%
Magic:  6/6        EV: 13    Int: 19    God:
Gold:   42         SH:  0    Dex: 15    Spells: 5/6 levels left

rFire    . . .     SeeInvis .   g - +0 club
rCold    . . .     Gourm    .   (no shield)
rNeg     . . .     Faith    .   a - +0 robe
rPois    .         Spirit   .   (no helmet)
rElec    .         Reflect  .   (no cloak)
rCorr    .         Harm     .   (no gloves)
MR       .....                  (no boots)
Stlth    ++........             (no amulet)
HPRegen  0.03/turn              (no ring)
MPRegen  0.10/turn              (no ring)

@: no status effects
A: no striking features
a: no special abilities


You were on level 1 of the Dungeon.
You were not hungry.

You visited 1 branch of the dungeon, and saw 1 of its levels.

You collected 42 gold pieces.

Inventory:

Hand Weapons
 g - a +0 club (weapon)
Armour
 a - a +0 robe (worn)
Jewellery
 h - a +5 ring of evasion {unknown}
Scrolls
 d - a scroll of identify {unknown}
 e - a scroll of fog {unknown}
Potions
 b - a potion of curing {unknown}
 f - a potion of flight {unknown}
 j - a potion of haste {unknown}
 k - a potion of agility {unknown}
Comestibles
 c - 3 rations
 i - 4 chunks of flesh


   Skills:
 + Level 2.5 Dodging
 + Level 2.5 Stealth
 + Level 3.1 Spellcasting
 + Level 4.4 Summonings


You had 5 spell levels left.
You knew the following spells:

 Your Spells              Type           Power        Failure   Level  Hunger
a - Summon Small Mammal   Summ           ###.         2%          1    None

Your spell library contained the following spells:

 Spells                   Type           Power        Failure   Level  Hunger
 Call Imp                 Summ           ###.....     3%          2    ##.....
 Call Canine Familiar     Summ           ###.....     8%          3    ###....
 Summon Guardian Golem    Hex/Summ       ##......     19%         3    ###....
 Summon Ice Beast         Ice/Summ       ##......     52%         4    ####...
 Summon Lightning Spire   Summ/Air       ##......     52%         4    ####...


Dungeon Overview and Level Annotations

Branches:
Dungeon (1/15)

Altars:


Message History

You are too injured to fight recklessly!
You are too injured to fight recklessly!
Casting: Summon Small Mammal (safe; 2% risk of failure)
Confirm with . or Enter, or press ? or * to list all spells.
The hobgoblin hits you with a +0 club.
Your quokka bites the hobgoblin.
Your quokka bites the hobgoblin.
The hobgoblin hits your quokka but does no damage.
Your quokka bites the hobgoblin but does no damage.
The hobgoblin barely misses your quokka.
You barely miss the hobgoblin.
The hobgoblin is almost dead.
Your quokka bites the hobgoblin but does no damage.
The hobgoblin barely misses you.
Your quokka bites the hobgoblin but does no damage.
You closely miss the hobgoblin.
The hobgoblin is severely wounded.
Your quokka bites the hobgoblin.
The hobgoblin hits you with a +0 club!
Ouch! That really hurt!
You die...

.# # #..# .# #. #..###
.# #.. #..... .# ..#
#.#### .# #.# #.# ##.##
#.###.### #..#.#
##......#
#######.###.###.###.#.#
#......@...#.#.## #.#.#
#.#####g##.#..## ..# #
#r##.#.## ### #.##.#.#
..####.#.#..#
#........###...#
#.#####.#.#..###
...........#
...............


You could see a hobgoblin and a friendly quokka.

Vanquished Creatures
  A goblin (D:1)
  A rat (D:1)
2 creatures vanquished.

Vanquished Creatures (collateral kills)
  A hobgoblin (D:1)
1 creature vanquished.

Grand Total: 3 creatures vanquished

Notes
Turn   | Place    | Note
-------+----------+-------------------------------------------
     0 | D:1      | r3xj the Deep Elf Summoner began the quest for the Orb.
     0 | D:1      | Reached XP level 1. HP: 10/10 MP: 6/6
   532 | D:1      | Slain by a hobgoblin

Levels and vault maps discovered:
D:1:      grunt_arrival_lava_bath, layout_loops_ring, minmay_box_of_dots

Action                   || total
-------------------------++-------
Melee: Club              ||     9
       Unarmed           ||     2
 Cast: Summon Small Mamm ||     2
 Stab: Sleeping          ||     1
Armor: Robe              ||     1
Dodge: Dodged            ||     4

Table legend:
 A = Non-vault XP
 B = Vault XP
 C = Vault XP percentage of total XP
 D = Non-vault monster count
 E = Vault monster count
 F = Vault count percentage of total count
                 A         B        C        D         E       F
            +---------+---------+-------+---------+---------+-------
      Total |       4 |       0 |   0.0 |       3 |       0 |   0.0
            +---------+---------+-------+---------+---------+-------
        D:1 |       4 |       0 |   0.0 |       3 |       0 |   0.0
            +---------+---------+-------+---------+---------+-------
